 Dungeon Crawl Stone Soup version 0.28.0-53-g5a82cb258f (webtiles) character file.

Game seed: 11220651907627217403

154 firemarshallily the Slasher (level 5, -4/36 (41) HPs)
             Began as a Demonspawn Gladiator on Aug 22, 2022.
             Was a Believer of Lugonu.
             Slain by an orc
             ... wielding a +1 dagger of draining
              (5 damage)
             ... on level 4 of the Dungeon.
             The game lasted 00:12:46 (3897 turns).

firemarshallily the Slasher (Demonspawn Gladiator)  Turns: 3897, Time: 00:12:47

HP:   -4/36 (41)    AC:  5    Str: 18    XL:     5   Next: 13%
MP:   5/5           EV: 12    Int: 12    God:    Lugonu [**....]
Gold: 21            SH:  0    Dex: 14    Spells: 3/4 levels left

rFire   . . .      SeeInvis .   e - +2 dagger (freeze)
rCold   . . .      Faith    .   (no shield)
rNeg    . . .      Spirit   .   b - +0 leather armour
rPois   .          Reflect  .   (helmet restricted)
rElec   .          Harm     .   i - scarf {repulsion}
rCorr   .          Rampage  .   l - +0 pair of gloves
Will    .....                   g - +0 pair of boots
Stlth   +.........              (no amulet)
HPRegen 0.12/turn               (no ring)
MPRegen 0.09/turn               (no ring)

@: heavily drained, repel missiles
A: antennae 1, demonic magic 2, clever 1, strong 1
a: Renounce Religion, Depart the Abyss, Bend Space


You were on level 4 of the Dungeon.
You worshipped Lugonu.
Lugonu was pleased with you.
You visited 1 branch of the dungeon, and saw 4 of its levels.

You collected 116 gold pieces.
You spent 95 gold pieces at shops.

Inventory:

Hand Weapons
 a - a +0 long sword
 e - a +2 dagger of freezing (weapon)
Missiles
 d - 2 throwing nets (quivered)
 k - 4 poisoned darts
 q - 81 stones
Armour
 b - a +0 leather armour (worn)
 g - a +0 pair of boots (worn)
 i - a scarf of repulsion (worn)
 l - a +0 pair of gloves (worn)
Wands
 r - a wand of digging (3)
Scrolls
 f - a scroll of immolation {unknown}
 n - 2 scrolls of fear
 s - a scroll of teleportation
Potions
 j - a potion of curing
 o - a potion of attraction {unknown}
 t - a potion of lignification


   Skills:
 + Level 3.5 Fighting
 * Level 3.8 Long Blades
 - Level 2.0 Throwing
 + Level 1.5 Armour
 - Level 3.0 Dodging


You had 3 spell levels left.
You knew the following spells:

 Your Spells              Type           Power      Damage    Failure   Level
a - Shock                 Conj/Air       0%         1d3       36%         1

Your spell library contained the following spells:

 Spells                   Type           Power      Damage    Failure   Level
 Swiftness                Air            0%         N/A       75%         3
 Airstrike                Air            0%         N/A       98%         4
 Olgreb's Toxic Radiance  Pois           0%         N/A       98%         4
 Ozocubu's Refrigeration  Ice            0%         4d5       100%        7
 Ignition                 Fire           0%         3d3       100%        8


Dungeon Overview and Level Annotations

Branches:
Dungeon (4/15)
 Temple: D:4-7

Altars:
Fedhas
Trog
Wu Jian
The Shining One
Lugonu

Shops:
D:1 !?(!   D:4 :

Annotations:
D:3 2 transporters, formulos's ghost, amateur MiGl


Innate Abilities, Weirdness & Mutations

You have a pair of small antennae on your head.
Spells you cast may paralyse nearby enemies.
Your mind is acute. (Int +2)
Your muscles are strong. (Str +2)


Message History

The orc hits you but does no damage.
You closely miss the orc priest.
The orc priest is lightly wounded.
The orc priest hits you but does no damage.
Found a stone staircase leading up.
The orc closely misses you.
The orc priest hits you with a +0 short sword.
The orc hits you with a +0 short sword.
You hit the orc priest. You freeze the orc priest.
The orc priest is moderately wounded.
The orc hits you with a +1 dagger of draining.
You feel drained.
The orc priest hits you with a +0 short sword.
The orc hits you with a +0 short sword.
* * * LOW HITPOINT WARNING * * *
You feel much better.
The orc drinks a potion.
The orc goes berserk!
The orc hits you but does no damage.
The orc priest hits you with a +0 short sword.
You hit the orc priest. You freeze the orc priest.
The orc priest is heavily wounded.
The orc closely misses you.
The orc priest hits you with a +0 short sword.
The orc hits you with a +0 short sword. The orc misses you.
You barely miss the orc priest.
The orc priest is heavily wounded.
The orc hits you with a +1 dagger of draining.
You feel drained.
You closely miss the orc priest.
The orc priest is heavily wounded.
The orc hits you with a +1 dagger of draining.
You feel drained. The orc priest barely misses you.
The orc hits you with a +0 short sword.
You hit the orc priest. You freeze the orc priest.
The orc priest is severely wounded.
The orc hits you with a +1 dagger of draining.
You feel drained. The orc hits you but does no damage.
The orc priest mumbles some strange prayers to Beogh against you.
Beogh smites you!
* * * LOW HITPOINT WARNING * * *
The orc hits you with a +1 dagger of draining.
You die...

<.......#
#.......# ##
#.......# ###.
'.......' # ...
#.......# #.
#.##.......#
.#.###..#.......#
........o@.......
.........)oo......
..###....#########
....##.)#
####.##..###
...........##
...###.....# # .
##....#####.#
#..........#


You could see an orc priest and 2 orcs.

Vanquished Creatures
  Jessica (D:2)
  An iguana (D:3)
  3 adders
  An adder skeleton (D:4)
  2 worms
  2 dart slugs (D:1)
  5 orcs
  3 ball pythons
  2 endoplasms
  2 giant cockroaches
  3 hobgoblins
  4 jackals (D:2)
  5 quokkas
  6 bats
  2 frilled lizards
  6 goblins
  4 kobolds
  8 rats
60 creatures vanquished.

Notes
Turn   | Place    | Note
-------+----------+-------------------------------------------
     0 | D:1      | firemarshallily the Demonspawn Gladiator began the quest
                  | for the Orb.
     0 | D:1      | Reached XP level 1. HP: 16/16 MP: 1/1
   398 | D:1      | Gained mutation: Spells you cast may paralyse adjacent
                  | enemies. [demonic ancestry]
   398 | D:1      | Reached XP level 2. HP: 22/22 MP: 2/2
   416 | D:1      | Found Usoqifal's Distillery.
   595 | D:1      | Found Xoih's Magic Scroll Shoppe.
   681 | D:1      | Found Zielelud's Distillery.
   837 | D:1      | Found a faded altar of an unknown god.
   840 | D:1      | Prayed at the altar of an unknown god.
   840 | D:1      | Became a worshipper of Lugonu the Unformed
   840 | D:1      | Reached * piety under Lugonu
   840 | D:1      | Reached ** piety under Lugonu
   977 | D:1      | Found Foxuli's Weapon Shop.
  1496 | D:1      | Bought a scroll of identify for 20 gold pieces
  1538 | D:1      | Bought a potion of degeneration for 10 gold pieces
  1651 | D:2      | Reached XP level 3. HP: 20/28 MP: 3/3
  1950 | D:2      | Noticed Jessica
  1980 | D:2      | Killed Jessica
  1981 | D:2      | Gained mutation: Spells you cast may paralyse nearby
                  | enemies. [demonic ancestry]
  1981 | D:2      | Reached XP level 4. HP: 21/35 MP: 4/4
  2582 | D:1      | Bought a scroll of fear for 35 gold pieces
  2582 | D:1      | Bought a scroll of teleportation for 30 gold pieces
  2652 | D:3      | Reached skill level 1 in Armour
  2687 | D:3      | Found a transporter.
  2687 | D:3      | Noticed formulos's ghost (amateur MiGl)
  2702 | D:3      | Found a transporter.
  3241 | D:3      | Found an ornate altar of the Wu Jian Council.
  3356 | D:3      | Gained mutation: You have a pair of small antennae on your
                  | head. [demonic ancestry]
  3356 | D:3      | Reached XP level 5. HP: 41/41 MP: 5/5
  3361 | D:3      | Found a bloodstained altar of Trog.
  3363 | D:3      | Found a blossoming altar of Fedhas.
  3432 | D:3      | Gained mutation: Your mind is acute. (Int +2) [potion of
                  | mutation]
  3432 | D:3      | Gained mutation: Your muscles are strong. (Str +2) [potion
                  | of mutation]
  3805 | D:4      | Found Tuk Xog's Book Emporium.
  3820 | D:4      | Learned a level 1 spell: Shock
  3897 | D:4      | HP: 1/36 [orc priest/divine providence (13)]
  3897 | D:4      | Slain by an orc

Illustrated notes

Levels and vault maps discovered:
D:1:      evilmike_arrival_hilbert_curve, layout_basic, serial_shops, shop,
          nicolae_shop_window_shopping, nicolae_diamond_shop, shop,
          shapermc_ecumenical_altar_mp_vishouse
D:2:      layout_loops_ring, uniq_jessica
D:3:      layout_basic, nicolae_tso_carved_into_rock,
          nicolae_overflow_hidden_temple, gammafunk_ghost_arena
D:4:      layout_basic, serial_shops, nicolae_shop_window_shopping, uniq_robin

Skill      XL: |  1  2  3  4 |
---------------+-------------+-----
Throwing       | 2 |  2.0
Long Blades    | 3 |  3.8
Dodging        | 3 |  3.0
Fighting       | 3 |  3.5
Armour         | 1 |  1.5

Action                   |  1- 3 |  4- 6 || total
-------------------------+-------+-------++-------
Melee: Long sword        |    12 |       ||    12
       Dagger            |   101 |    83 ||   184
       Punch             |     2 |       ||     2
Throw: Throwing net      |     1 |       ||     1
  Use: Scroll            |       |     4 ||     4
       Potion            |       |     2 ||     2
 Stab: Sleeping          |     1 |       ||     1
Armor: Leather armour    |    34 |    22 ||    56
Dodge: Dodged            |    56 |    38 ||    94
